 Dungeon Crawl Stone Soup version 0.29.0-15-g675c0067aa (webtiles) character file.

Game seed: 2597238955494615004

124413 qw the Warrior (level 16, -2/235 HPs)
             Began as a Minotaur Berserker on Sept 11, 2022.
             Was a Priest of Trog.
             Slain by a wolf spider (7 damage)
             ... on level 1 of the Spider Nest.
             The game lasted 00:09:35 (32446 turns).

qw the Warrior (Minotaur Berserker)                Turns: 32446, Time: 00:09:35

Health: -2/235     AC: 25    Str: 35    XL:     16   Next: 39%
Magic:  15/15      EV: 11    Int:  4    God:    Trog [***...]
Gold:   1168       SH: 14    Dex: 11    Spells: 15/15 levels left

rFire   . . .      SeeInvis +   j - +1 broad axe
rCold   . . .      Faith    .   x - +2 kite shield
rNeg    . . .      Spirit   .   k - +0 plate armour
rPois   .          Reflect  .   (helmet restricted)
rElec   .          Harm     .   a - +0 cloak
rCorr   .          Rampage  .   e - +1 pair of gloves
Will    +....                   w - +1 pair of boots
Stlth   ..........              (no amulet)
HPRegen 0.49/turn               o - ring of see invisible
MPRegen 0.14/turn               h - +6 ring of strength

@: berserking, lethally poisoned (-2 -> -13), very quick
A: horns 2, retaliatory headbutt, shaggy fur 1
a: Renounce Religion, Berserk, Trog's Hand


You were on level 1 of the Spider Nest.
You worshipped Trog.
Trog was most pleased with you.
You visited 4 branches of the dungeon, and saw 23 of its levels.

You collected 2474 gold pieces.
You spent 1306 gold pieces at shops.


Innate Abilities, Weirdness & Mutations

You have a pair of horns on your head.
You reflexively headbutt those who attack you in melee.
You are covered in fur. (AC +1)


   Skills:
 - Level 18.0 Fighting
 + Level 17.3 Axes
 - Level 3.5 Throwing
 - Level 16.8 Armour
 - Level 8.0 Dodging
 - Level 14.6 Shields


You had 15 spell levels left.
You didn't know any spells.
Your spell library was empty.

Inventory:

Hand Weapons
 g - a +0 morningstar
 j - a +1 broad axe (weapon)
Missiles
 y - a boomerang (quivered)
Armour
 a - a +0 cloak (worn)
 e - a +1 pair of gloves (worn)
 k - a +0 plate armour (worn)
 t - a +0 hat of see invisible
 w - a +1 pair of boots (worn)
 x - a +2 kite shield (worn)
Jewellery
 h - a +6 ring of strength (right hand)
 l - a ring of protection from fire
 m - a ring of ice
 o - a ring of see invisible (left hand)
 s - a +6 ring of dexterity
 u - a ring of see invisible
Wands
 n - a wand of digging (8)
Scrolls
 f - 9 scrolls of identify
 r - 14 scrolls of teleportation
Potions
 b - 3 potions of cancellation
 c - 10 potions of heal wounds
 d - 10 potions of curing
 i - a potion of resistance
 p - a potion of mutation
 q - 4 potions of haste
 v - 3 potions of might

Dungeon Overview and Level Annotations

Branches:
Dungeon (15/15)            Temple (0/1) D:4            Lair (5/5) D:10
  Swamp (0/4) Lair:3       Spider (1/4) Lair:3        Slime (0/5) Lair:4
    Orc (2/2) D:11            Elf (0/3) Orc:2        Vaults (0/5) D:13
 Depths (0/4) D:15

Altars:
Ashenzari
Cheibriados
Dithmenos
Elyvilon
Fedhas
Kikubaaqudgha
Nemelex Xobeh
Qazlal
Uskayaw
Vehumet
The Shining One
Jiyva

Shops:
D:6 :   D:8 =   D:9 *(*   Orc:2 (?!:

Portals:
Trove: D:15 (give +5 ice dragon scales)

Annotations:
D:4 3 runed translucent doors, qw's ghost, weakling GrDe
D:7 1 runed translucent door, qw's ghost, novice DsCA
D:14 2 runed translucent doors
Lair:5 2 runed translucent doors


Message History

You slice the wolf spider!! You completely miss the wolf spider.
You feel very sick.
You hear a faint skittering sound.
You block the wolf spider's attack. x2
The wolf spider hits you but does no damage.
The wolf spider misses you.
A tarantella comes into view.
The wolf spider hits you!!
The wolf spider bites you but does no damage.
A redback comes into view.
You slice the wolf spider!!
You kill the wolf spider!
Trog accepts your kill.
You hit the wolf spider. You slash the moth of wrath!
You kill the moth of wrath!
Trog accepts your kill.
You feel very sick.
The jumping spider leaps!
You block the wolf spider's attack.
The wolf spider bites you but does no damage.
You barely miss the wolf spider.
The wolf spider is moderately wounded.
You slice the redback!!
You feel very sick.
The jumping spider leaps!
You block the wolf spider's attack. x2
The redback closely misses you.
The jumping spider leaps!
You closely miss the redback.
The redback is almost dead.
You slash the wolf spider! You closely miss the jumping spider.
You feel sick. The wolf spider hits you!! You block the wolf spider's attack.
You block the jumping spider's attack.
The jumping spider bites you but does no damage.
The redback misses you.
An entropy weaver comes into view.
The jumping spider leaps!
The entropy weaver shouts!
You barely miss the redback.
The redback is almost dead.
You slash the jumping spider! You slice the wolf spider!!
You feel sick. The wolf spider hits you!
You die...

#..#.~#..##
#......#~#
#.....#~##
.#.<.##.###
#^.....#...~#
#.....#.....# ..
#~~#...#...####...#
#~.........s%s.....
#~#..##..s@.%#.....
.....s.s#.## y..
~##0###.0### . .
s... .##sB .. ##s .
#. .s


You could see an entropy weaver, a wolf spider (berserk), an orb spider, 4
jumping spiders, a tarantella and 2 redbacks.

Vanquished Creatures
  Rupert (D:15)
  Gastronok (Lair:3)
  Roxanne (D:15)
  A juggernaut zombie (D:15)
  Josephine (D:11)
  5 hydras
  A vault guard (D:13)
  4 boulder beetles
  9 two-headed ogres
  4 centaur warriors
  4 ogre magi
  8 death yaks
  An orc high priest (Orc:1)
  A tengu warrior (D:13)
  A deep elf knight (D:13)
  A fire crab (Lair:5)
  6 skeletal warriors
  A swamp dragon (Lair:3)
  An orc knight (Orc:1)
  2 necromancers
  A phantasmal warrior (D:15)
  A stone giant zombie (D:15)
  Pikel (D:8)
  A deep elf pyromancer (D:13)
  2 sphinx zombies (D:15)
  2 wolf spiders (Spider:1)
  2 wizards (D:13)
  A moth of wrath (Spider:1)
  10 orc sorcerers
  3 manticores
  5 ugly things
  9 black mambas
  2 cyclopes
  17 elephants
  2 molten gargoyles (Lair:5)
  11 cane toads
  A torpor snail (Lair:4)
  A gargoyle (D:13)
  A demonic crawler (Spider:1)
  A rime drake (Lair:4)
  10 komodo dragons
  An efreet (D:13)
  A tengu conjurer (D:13)
  2 burning bushes (Lair:4)
  3 trolls
  2 polar bears
  A tarantella (shapeshifter) (D:13)
  10 blink frogs
  13 slime creatures
  A jumping spider (Spider:1)
  2 culicivoras (Spider:1)
  2 vampires
  9 wyverns
  6 wraiths (D:11)
  4 basilisks
  43 yaks
  5 vampire mosquitoes
  18 humans (D:13)
  2 redbacks (Spider:1)
  2 steam dragons (Lair:5)
  13 water moccasins
  4 hell hounds (Lair:5)
  18 orc warriors
  2 sky beasts
  4 black bears
  4 boggarts (Lair:5)
  An ogre (D:15)
  11 wolves
  12 centaurs
  A lemure (D:8)
  3 phantoms
  2 kobold brigands
  12 bullfrogs
  2 necrophages (D:6)
  2 gnoll sergeants
  8 killer bees
  An electric eel (Lair:3)
  2 howler monkeys
  4 lava snakes (Lair:5)
  5 hounds
  A jelly (D:5)
  8 orc priests
  Jessica (D:2)
  3 iguanas (D:5)
  24 orc wizards
  Robin (D:2)
  13 gnolls
  9 adders
  2 shadow imps
  3 ufetubi
  3 worms
  2 dart slugs
  61 orcs
  5 endoplasms
  A giant cockroach (D:3)
  17 goblins
  9 hobgoblins
  6 jackals
  4 quokkas
  7 ball pythons
  5 bats
  4 frilled lizards
  8 kobolds
  6 rats
579 creatures vanquished.

Vanquished Creatures (collateral kills)
  4 hydras
  An elephant (Lair:5)
  A komodo dragon (Lair:2)
  A basilisk (Lair:5)
  A bullfrog (Lair:2)
  A lava snake (Lair:5)
  2 orcs (Orc:2)
11 creatures vanquished.

Vanquished Creatures (others)
  A wizard (D:13)
  An air elemental (D:14)
  A water elemental (D:14)
  An orc wizard (Orc:2)
  3 demonic plants (D:6)
  A fire vortex (Lair:3)
  11 fungi
  18 plants
  12 withered plants (D:15)
49 creatures vanquished.

Grand Total: 639 creatures vanquished

Notes
Turn   | Place    | Note
-------+----------+-------------------------------------------
     0 | D:1      | qw the Minotaur Berserker began the quest for the Orb.
     0 | D:1      | Reached XP level 1. HP: 19/19 MP: 0/0
     0 | D:1      | 0 ||| qw: Version: 0.1-a-119-g272c26d
     0 | D:1      | 0 ||| qw: Game counter: 10665
     0 | D:1      | 0 ||| qw: Always use a shield: true
     0 | D:1      | 0 ||| qw: Do Orc after D:15 true
     0 | D:1      | 0 ||| qw: Do second Lair branch before Depths: true
     0 | D:1      | 0 ||| qw: Lair rune preference: random
     0 | D:1      | 0 ||| qw: Plans: Normal
     0 | D:1      | 0 ||| PLANNING D:1-11
    91 | D:1      | 91 ||| INVOKING Berserk.
   380 | D:1      | Reached XP level 2. HP: 26/26 MP: 1/1
   903 | D:1      | 903 ||| UPGRADING to +0 pair of gloves.
   908 | D:1      | 908 ||| UPGRADING to +0 buckler.
   913 | D:1      | 913 ||| READING scroll labelled VIGUGO ESHRAESM.
   914 | D:1      | 914 ||| READING scroll labelled PUEDOL OTIJEO.
   918 | D:1      | 918 ||| READING scroll labelled KUNLATO AQISHU.
   919 | D:1      | 919 ||| DRINKING 2 emerald potions.
   920 | D:1      | 920 ||| DROPPING potion of invisibility.
   932 | D:2      | Noticed Jessica
   934 | D:2      | 934 ||| Stepping ~*~*~tactically~*~*~ (hiding).
   947 | D:2      | 947 ||| Stepping ~*~*~tactically~*~*~ (hiding).
  1049 | D:2      | 1049 ||| Stepping ~*~*~tactically~*~*~ (hiding).
  1151 | D:2      | 1151 ||| Stepping ~*~*~tactically~*~*~ (hiding).
  1256 | D:2      | Killed Jessica
  1257 | D:2      | Reached XP level 3. HP: 25/31 MP: 2/2
  1257 | D:2      | 1257 ||| FLEEEEING.
  1258 | D:2      | 1258 ||| FLEEEEING.
  1259 | D:2      | 1259 ||| STAIRDANCE
  1344 | D:2      | 1344 ||| INVOKING Berserk.
  1541 | D:2      | Noticed Robin
  1542 | D:2      | 1542 ||| Stepping ~*~*~tactically~*~*~ (hiding).
  1565 | D:2      | 1565 ||| Stepping ~*~*~tactically~*~*~ (hiding).
  1570 | D:2      | 1570 ||| Stepping ~*~*~tactically~*~*~ (hiding).
  1577 | D:2      | 1577 ||| INVOKING Berserk.
  1584 | D:2      | Killed Robin
  1585 | D:2      | Reached XP level 4. HP: 39/39 MP: 3/3
  1585 | D:2      | Found a faded altar of an unknown god.
  1710 | D:2      | 1710 ||| DROPPING +0 club.
  1713 | D:2      | 1713 ||| READING scroll of enchant weapon.
  1713 | D:2      | 1713 ||| ENCHANTING +1 hand axe.
  1716 | D:2      | 1716 ||| READING scroll of enchant weapon.
  1716 | D:2      | 1716 ||| ENCHANTING +2 hand axe.
  2079 | D:2      | Found a sparkling altar of Nemelex Xobeh.
  2091 | D:2      | 2091 ||| Stepping ~*~*~tactically~*~*~ (stealth).
  2400 | D:2      | 2400 ||| UPGRADING to +0 ring mail.
  2410 | D:2      | 2410 ||| DROPPING +0 animal skin.
  2411 | D:2      | 2411 ||| READING 3 scrolls labelled YMA ZYCIAJ ZOCEUN.
  2412 | D:2      | 2412 ||| READING scroll labelled WEM ROACUANASO.
  2550 | D:2      | 2550 ||| READING scroll labelled TOAXAFYEMMI.
  2551 | D:2      | 2551 ||| DRINKING 2 silvery potions.
  2552 | D:2      | 2552 ||| READING 2 scrolls of identify.
  2552 | D:2      | 2552 ||| IDENTIFYING sedimented orange potion
  2553 | D:2      | 2553 ||| DROPPING potion of attraction.
  2667 | D:3      | Reached ** piety under Trog
  2696 | D:3      | 2696 ||| Stepping ~*~*~tactically~*~*~ (stealth).
  2697 | D:3      | 2697 ||| Stepping ~*~*~tactically~*~*~ (stealth).
  2875 | D:3      | Reached skill level 6 in Axes
  2883 | D:3      | 2883 ||| READING scroll of enchant weapon.
  2883 | D:3      | 2883 ||| ENCHANTING +3 hand axe.
  2985 | D:3      | 2985 ||| Stepping ~*~*~tactically~*~*~ (hiding).
  3107 | D:3      | Found a radiant altar of Vehumet.
  3382 | D:3      | 3382 ||| DRINKING 2 bubbling puce potions.
  3483 | D:3      | 3483 ||| DROPPING potion of ambrosia.
  3526 | D:4      | 3526 ||| STAIRDANCE
  3534 | D:3      | Reached XP level 5. HP: 44/45 MP: 4/4
  3549 | D:4      | Noticed a centaur
  3550 | D:4      | 3550 ||| Stepping ~*~*~tactically~*~*~ (hiding).
  3557 | D:4      | Killed a centaur
  3561 | D:4      | 3561 ||| FLEEEEING.
  3562 | D:4      | 3562 ||| FLEEEEING.
  3563 | D:4      | 3563 ||| FLEEEEING.
  3564 | D:4      | 3564 ||| FLEEEEING.
  3567 | D:4      | 3567 ||| FLEEEEING.
  3568 | D:4      | 3568 ||| STAIRDANCE
  3647 | D:4      | 3647 ||| STAIRDANCE
  3761 | D:4      | Noticed a phantom
  3771 | D:4      | Killed a phantom
  3772 | D:4      | Reached skill level 4 in Fighting
  3772 | D:4      | Reached XP level 6. HP: 49/53 MP: 5/5
  3806 | D:4      | Found a staircase to the Ecumenical Temple.
  3877 | D:4      | Found a shadowy altar of Dithmenos.
  4016 | D:4      | Found a blossoming altar of Fedhas.
  4149 | D:4      | Found a runed translucent gate.
  4149 | D:4      | Found a runed translucent gate.
  4149 | D:4      | Found a runed translucent gate.
  4152 | D:4      | Noticed qw's ghost (weakling GrDe)
  4223 | D:4      | 4223 ||| INVOKING Berserk.
  4225 | D:4      | Reached *** piety under Trog
  4336 | D:4      | 4336 ||| DROPPING +5 club.
  4606 | D:4      | 4606 ||| INVOKING Berserk.
  4609 | D:4      | Reached XP level 7. HP: 60/60 MP: 6/6
  4619 | D:4      | 4619 ||| STAIRDANCE
  4721 | D:3      | 4721 ||| UPGRADING to +0 cloak.
  4726 | D:3      | 4726 ||| UPGRADING to +0 chain mail.
  4736 | D:3      | 4736 ||| DROPPING +0 ring mail.
  4737 | D:3      | 4737 ||| READING 3 scrolls of identify.
  4737 | D:3      | 4737 ||| IDENTIFYING viscous puce potion
  4738 | D:3      | 4738 ||| READING 2 scrolls of identify.
  4738 | D:3      | 4738 ||| IDENTIFYING fuming inky potion
  4811 | D:5      | Entered Level 5 of the Dungeon
  4884 | D:5      | 4884 ||| Stepping ~*~*~tactically~*~*~ (stealth).
  4885 | D:5      | 4885 ||| Stepping ~*~*~tactically~*~*~ (stealth).
  4886 | D:5      | 4886 ||| Stepping ~*~*~tactically~*~*~ (stealth).
  4895 | D:5      | Reached skill level 3 in Armour
  4896 | D:5      | 4896 ||| INVOKING Berserk.
  4900 | D:5      | Reached skill level 9 in Axes
  4905 | D:5      | Reached skill level 3 in Shields
  5017 | D:5      | Reached skill level 5 in Fighting
  5474 | D:5      | 5474 ||| INVOKING Berserk.
  5482 | D:5      | Reached XP level 8. HP: 69/69 MP: 7/7
  5695 | D:5      | 5695 ||| READING scroll labelled MOYSCH SIUW YSOUNT.
  5696 | D:5      | 5696 ||| READING scroll labelled DUEQ QEMEU.
  5697 | D:5      | 5697 ||| READING scroll labelled JAABLE ETECUFAJ.
  5698 | D:5      | 5698 ||| READING 2 scrolls of identify.
  5698 | D:5      | 5698 ||| IDENTIFYING smoky golden potion
  5699 | D:5      | 5699 ||| READING 3 scrolls of teleportation.
  5784 | D:6      | Found a broken altar of Ashenzari.
  6094 | D:6      | 6094 ||| Stepping ~*~*~tactically~*~*~ (stealth).
  6099 | D:6      | 6099 ||| Stepping ~*~*~tactically~*~*~ (stealth).
  6101 | D:6      | 6101 ||| INVOKING Berserk.
  6337 | D:6      | 6337 ||| FLEEEEING.
  6338 | D:6      | 6338 ||| FLEEEEING.
  6339 | D:6      | 6339 ||| FLEEEEING.
  6340 | D:6      | 6340 ||| FLEEEEING.
  6341 | D:6      | 6341 ||| FLEEEEING.
  6343 | D:6      | 6343 ||| FLEEEEING.
  6344 | D:6      | 6344 ||| FLEEEEING.
  6345 | D:6      | 6345 ||| FLEEEEING.
  6346 | D:6      | 6346 ||| FLEEEEING.
  6348 | D:6      | 6348 ||| FLEEEEING.
  6349 | D:6      | 6349 ||| FLEEEEING.
  6352 | D:6      | 6352 ||| FLEEEEING.
  6353 | D:6      | 6353 ||| FLEEEEING.
  6354 | D:6      | 6354 ||| FLEEEEING.
  6355 | D:6      | 6355 ||| FLEEEEING.
  6356 | D:6      | 6356 ||| FLEEEEING.
  6357 | D:6      | 6357 ||| FLEEEEING.
  6358 | D:6      | 6358 ||| FLEEEEING.
  6359 | D:6      | 6359 ||| FLEEEEING.
  6360 | D:6      | 6360 ||| FLEEEEING.
  6361 | D:6      | 6361 ||| FLEEEEING.
  6363 | D:6      | 6363 ||| FLEEEEING.
  6364 | D:6      | 6364 ||| FLEEEEING.
  6366 | D:6      | 6366 ||| FLEEEEING.
  6367 | D:6      | 6367 ||| STAIRDANCE
  6439 | D:5      | 6439 ||| UPGRADING to +0 pair of boots.
  6479 | D:6      | Reached skill level 6 in Fighting
  6715 | D:6      | 6715 ||| Stepping ~*~*~tactically~*~*~ (stealth).
  6722 | D:6      | Found Iwuel's Book Shoppe.
  6769 | D:6      | Found a hide-covered altar of Uskayaw.
  6954 | D:6      | 6954 ||| DROPPING ring of flight.
  6955 | D:6      | 6955 ||| READING scroll labelled KIPPIH LAHOIT.
  6956 | D:6      | 6956 ||| READING scroll labelled WUATHRIV PEBBE.
  6957 | D:6      | 6957 ||| DRINKING 2 fuming ruby potions.
  6957 | D:6      | Gained mutation: You occasionally lose the ability to read
                  | scrolls when taking damage. [potion of mutation]
  6957 | D:6      | Gained mutation: You have a somewhat thin skeletal
                  | structure. (Dex +2, Stealth+) [potion of mutation]
  6958 | D:6      | 6958 ||| DRINKING potion of mutation.
  6958 | D:6      | Lost mutation: You have a somewhat thin skeletal structure.
                  | (Dex +2, Stealth+) [potion of mutation]
  6958 | D:6      | Lost mutation: You occasionally lose the ability to read
                  | scrolls when taking damage. [potion of mutation]
  6958 | D:6      | Gained mutation: You are dopey. (Int -2) [potion of
                  | mutation]
  6958 | D:6      | Lost mutation: You are dopey. (Int -2) [potion of mutation]
  6958 | D:6      | Gained mutation: You have a somewhat thin skeletal
                  | structure. (Dex +2, Stealth+) [potion of mutation]
  6958 | D:6      | Gained mutation: Your spells are a little harder to cast,
                  | but a little more powerful. [potion of mutation]
  7091 | D:7      | 7091 ||| INVOKING Berserk.
  7197 | D:7      | 7197 ||| Stepping ~*~*~tactically~*~*~ (hiding).
  7198 | D:7      | 7198 ||| Stepping ~*~*~tactically~*~*~ (hiding).
  7202 | D:7      | 7202 ||| INVOKING Berserk.
  7206 | D:7      | Reached skill level 1 in Throwing
  7213 | D:7      | 7213 ||| DRINKING 2 potions of curing.
  7213 | D:7      | 7213 ||| (to cure confusion)
  7219 | D:7      | 7219 ||| FLEEEEING.
  7220 | D:7      | 7220 ||| FLEEEEING.
  7221 | D:7      | 7221 ||| FLEEEEING.
  7222 | D:7      | 7222 ||| FLEEEEING.
  7223 | D:7      | 7223 ||| FLEEEEING.
  7224 | D:7      | 7224 ||| FLEEEEING.
  7225 | D:7      | 7225 ||| FLEEEEING.
  7226 | D:7      | 7226 ||| FLEEEEING.
  7232 | D:7      | 7232 ||| STAIRDANCE
  7334 | D:6      | 7334 ||| UPGRADING to +1 chain mail of cold resistance.
  7344 | D:6      | 7344 ||| DROPPING +0 chain mail.
  7345 | D:6      | 7345 ||| UPGRADING to ring of see invisible.
  7346 | D:6      | 7346 ||| READING 2 scrolls of identify.
  7346 | D:6      | 7346 ||| IDENTIFYING coppery potion
  7347 | D:6      | 7347 ||| DROPPING potion of magic.
  7378 | D:7      | 7378 ||| INVOKING Berserk.
  7406 | D:7      | 7406 ||| FLEEEEING.
  7407 | D:7      | 7407 ||| FLEEEEING.
  7408 | D:7      | 7408 ||| FLEEEEING.
  7409 | D:7      | 7409 ||| FLEEEEING.
  7410 | D:7      | 7410 ||| FLEEEEING.
  7488 | D:7      | Found a runed translucent door.
  7750 | D:7      | Noticed qw's ghost (novice DsCA)
  7812 | D:8      | Reached XP level 9. HP: 75/75 MP: 8/8
  8021 | D:8      | Found Padghojis's Jewellery Shoppe.
  8030 | D:8      | 8030 ||| SHOPLISTING amulet of reflection (420 gold, have
                  | 359).
  8030 | D:8      | 8030 ||| SHOPLISTING ring "Rocuxeh" {rElec rPois rF+ rC-
                  | Will++} (702 gold, have 359).
  8030 | D:8      | 8030 ||| BUYING ring of see invisible (210 gold).
  8030 | D:8      | Bought a ring of see invisible for 210 gold pieces
  8034 | D:8      | Noticed a boulder beetle
  8037 | D:8      | 8037 ||| INVOKING Berserk.
  8050 | D:8      | HP: 21/112 [boulder beetle (25)]
  8051 | D:8      | Killed a boulder beetle
  8364 | D:8      | 8364 ||| Stepping ~*~*~tactically~*~*~ (stealth).
  8376 | D:8      | Reached skill level 7 in Fighting
  8476 | D:8      | Noticed Pikel
  8478 | D:8      | 8478 ||| Stepping ~*~*~tactically~*~*~ (stealth).
  8482 | D:8      | 8482 ||| INVOKING Berserk.
  8486 | D:8      | Killed Pikel
  8639 | D:8      | 8639 ||| INVOKING Berserk.
  8648 | D:8      | Reached skill level 6 in Armour
  8728 | D:8      | 8728 ||| SWAPPING to +0 war axe.
  8729 | D:8      | 8729 ||| DROPPING +4 hand axe.
  8823 | D:8      | 8823 ||| Stepping ~*~*~tactically~*~*~ (hiding).
  9086 | D:8      | 9086 ||| READING scroll labelled XUIFOOTSEPIN.
  9087 | D:8      | 9087 ||| DRINKING 2 orange potions.
  9122 | D:8      | 9122 ||| DROPPING potion of lignification.
  9260 | D:9      | Reached XP level 10. HP: 86/88 MP: 9/9
  9353 | D:9      | Found Duciuwia's Assorted Antiques.
  9361 | D:9      | 9361 ||| BUYING 3 scrolls labelled HAOHODW VEIJ (93 gold).
  9361 | D:9      | Bought 3 scrolls labelled HAOHODW VEIJ for 93 gold pieces
  9361 | D:9      | 9361 ||| BUYING glowing pink potion (27 gold).
  9361 | D:9      | Bought a glowing pink potion for 27 gold pieces
  9361 | D:9      | 9361 ||| BUYING glowing pink potion (27 gold).
  9361 | D:9      | Bought a glowing pink potion for 27 gold pieces
  9361 | D:9      | 9361 ||| SHOPLISTING scroll of identify (62 gold, have 41).
  9361 | D:9      | 9361 ||| SHOPLISTING tourmaline ring (155 gold, have 41).
  9380 | D:9      | 9380 ||| Stepping ~*~*~tactically~*~*~ (stealth).
  9387 | D:9      | Reached skill level 8 in Fighting
  9432 | D:9      | Found Muep's General Store.
  9440 | D:9      | 9440 ||| SHOPLISTING potion of might (64 gold, have 41).
  9440 | D:9      | 9440 ||| SHOPLISTING scroll of brand weapon (152 gold, have
                  | 41).
  9485 | D:9      | Found a stormy altar of Qazlal.
  9531 | D:9      | Found a snail-covered altar of Cheibriados.
  9590 | D:9      | 9590 ||| DROPPING +1 antimagic flail.
  9642 | D:9      | Found Zaim's Weapon Shop.
  9645 | D:9      | 9645 ||| SHOPLISTING +8 broad axe of the Spheres {vorpal,
                  | rPois} (629 gold, have 143).
  9729 | D:9      | Found a glowing golden altar of the Shining One.
  9897 | D:9      | 9897 ||| DROPPING +1 ring mail of cold resistance.
  9898 | D:9      | 9898 ||| UPGRADING to ring of willpower.
  9899 | D:9      | 9899 ||| READING scroll labelled ABLOUD XADOKE.
 10000 | D:9      | 10000 ||| READING 3 scrolls labelled HAOHODW VEIJ.
 10001 | D:9      | 10001 ||| DRINKING 2 glowing pink potions.
 10002 | D:9      | 10002 ||| READING 5 scrolls of identify.
 10002 | D:9      | 10002 ||| IDENTIFYING golden potion
 10003 | D:9      | 10003 ||| READING 4 scrolls of identify.
 10003 | D:9      | 10003 ||| IDENTIFYING fuming brown potion
 10004 | D:9      | 10004 ||| READING 3 scrolls of identify.
 10004 | D:9      | 10004 ||| IDENTIFYING metallic golden potion
 10005 | D:9      | 10005 ||| DROPPING potion of degeneration.
 10006 | D:9      | 10006 ||| DROPPING potion of berserk rage.
 10007 | D:9      | 10007 ||| DROPPING 2 scrolls of magic mapping.
 10008 | D:9      | 10008 ||| DROPPING potion of flight.
 10026 | D:10     | Entered Level 10 of the Dungeon
 10026 | D:10     | Noticed a two-headed ogre
 10027 | D:10     | 10027 ||| STAIRDANCE
 10088 | D:10     | 10088 ||| STAIRDANCE
 10096 | D:10     | 10096 ||| STAIRDANCE
 10284 | D:10     | 10284 ||| INVOKING Berserk.
 10290 | D:10     | Killed a two-headed ogre
 10291 | D:10     | 10291 ||| STAIRDANCE
 10493 | D:10     | 10493 ||| STAIRDANCE
 10505 | D:10     | 10505 ||| STAIRDANCE
 10600 | D:10     | Found a staircase to the Lair.
 10613 | D:10     | 10613 ||| INVOKING Berserk.
 10693 | D:10     | Found a white marble altar of Elyvilon.
 10812 | D:10     | Reached skill level 15 in Axes
 10812 | D:10     | 10812 ||| INVOKING Berserk.
 10941 | D:10     | You fall into a shaft and drop 1 floor!
 10943 | D:11     | Noticed a two-headed ogre
 10948 | D:11     | 10948 ||| INVOKING Berserk.
 10951 | D:11     | Killed a two-headed ogre
 10952 | D:11     | Reached skill level 9 in Fighting
 11001 | D:11     | Noticed a manticore
 11002 | D:11     | 11002 ||| Stepping ~*~*~tactically~*~*~ (hiding).
 11005 | D:11     | 11005 ||| INVOKING Berserk.
 11013 | D:11     | Killed a manticore
 11278 | D:11     | Found a staircase to the Orcish Mines.
 11278 | D:11     | Noticed a cyclops
 11280 | D:11     | 11280 ||| INVOKING Berserk.
 11289 | D:11     | Killed a cyclops
 11377 | D:11     | 11377 ||| INVOKING Berserk.
 11383 | D:11     | Reached XP level 11. HP: 81/97 MP: 10/10
 11554 | D:11     | 11554 ||| UPGRADING to +0 plate armour.
 11564 | D:11     | 11564 ||| DROPPING +1 chain mail of cold resistance.
 11578 | D:10     | 11578 ||| READING 6 scrolls of teleportation.
 11655 | D:10     | 11655 ||| Stepping ~*~*~tactically~*~*~ (stealth).
 11789 | D:10     | Noticed a white ugly thing
 11790 | D:10     | 11790 ||| INVOKING Berserk.
 11793 | D:10     | Killed a white ugly thing
 12253 | D:10     | 12253 ||| PLANNING LAIR
 12328 | Lair:1   | Entered Level 1 of the Lair of Beasts
 12463 | Lair:1   | 12463 ||| INVOKING Berserk.
 12662 | Lair:1   | 12662 ||| Stepping ~*~*~tactically~*~*~ (stealth).
 12824 | Lair:1   | Noticed an eight-headed hydra
 12827 | Lair:1   | 12827 ||| SWAPPING to +0 morningstar.
 12829 | Lair:1   | 12829 ||| INVOKING Berserk.
 12833 | Lair:1   | Killed an eight-headed hydra
 12834 | Lair:1   | Reached skill level 9 in Armour
 12944 | Lair:1   | 12944 ||| SWAPPING to +0 war axe.
 13129 | Lair:1   | 13129 ||| Stepping ~*~*~tactically~*~*~ (stealth).
 13211 | Lair:1   | 13211 ||| INVOKING Berserk.
 13216 | Lair:1   | Reached skill level 6 in Shields
 13351 | Lair:1   | Noticed a death yak
 13351 | Lair:1   | Noticed a death yak
 13351 | Lair:1   | Noticed a death yak
 13353 | Lair:1   | Noticed a death yak
 13354 | Lair:1   | 13354 ||| Stepping ~*~*~tactically~*~*~ (stealth).
 13356 | Lair:1   | 13356 ||| INVOKING Berserk.
 13364 | Lair:1   | Killed a death yak
 13368 | Lair:1   | Killed a death yak
 13369 | Lair:1   | Reached skill level 10 in Fighting
 13369 | Lair:1   | Killed a death yak
 13379 | Lair:1   | Killed a death yak
 13379 | Lair:1   | Reached **** piety under Trog
 13720 | Lair:2   | 13720 ||| PLANNING GAUNTLET
 13725 | Lair:2   | 13725 ||| STAIRDANCE
 13730 | Lair:2   | 13730 ||| STAIRDANCE
 13737 | Lair:1   | 13737 ||| INVOKING Berserk.
 13969 | Lair:2   | 13969 ||| STAIRDANCE
 14035 | Lair:2   | 14035 ||| INVOKING Berserk.
 14043 | Lair:2   | Reached skill level 11 in Fighting
 14043 | Lair:2   | 14043 ||| STAIRDANCE
 14202 | Lair:2   | 14202 ||| INVOKING Berserk.
 14217 | Lair:2   | 14217 ||| RIP GAUNTLET
 14309 | Lair:2   | 14309 ||| PLANNING LAIR
 14399 | Lair:2   | Reached XP level 12. HP: 101/110 MP: 11/11
 14453 | Lair:2   | Noticed a boulder beetle
 14455 | Lair:2   | 14455 ||| INVOKING Berserk.
 14465 | Lair:2   | Killed a boulder beetle
 14739 | Lair:2   | Noticed a four-headed hydra
 14740 | Lair:2   | 14740 ||| INVOKING Brothers in Arms.
 14742 | Lair:2   | 14742 ||| SWAPPING to +0 morningstar.
 14743 | Lair:2   | 14743 ||| INVOKING Berserk.
 14744 | Lair:2   | Killed a four-headed hydra
 14745 | Lair:2   | Reached skill level 12 in Fighting
 14750 | Lair:2   | 14750 ||| SWAPPING to +0 war axe.
 14916 | Lair:2   | 14916 ||| Stepping ~*~*~tactically~*~*~ (stealth).
 15658 | Lair:2   | 15658 ||| READING scroll labelled NOGOTWA FEIRCH.
 15691 | Lair:3   | Found the +6 Majin-Bo {vamp, MP+6 Int+6}
 15700 | Lair:3   | 15700 ||| STAIRDANCE
 16016 | Lair:3   | Noticed Gastronok
 16017 | Lair:3   | 16017 ||| Stepping ~*~*~tactically~*~*~ (hiding).
 16019 | Lair:3   | 16019 ||| INVOKING Berserk.
 16029 | Lair:3   | Killed Gastronok
 16030 | Lair:3   | Reached skill level 12 in Armour
 16262 | Lair:3   | Found a staircase to the Swamp.
 16264 | Lair:3   | 16264 ||| Stepping ~*~*~tactically~*~*~ (hiding).
 16275 | Lair:3   | 16275 ||| Stepping ~*~*~tactically~*~*~ (stealth).
 16284 | Lair:3   | 16284 ||| Stepping ~*~*~tactically~*~*~ (stealth).
 16314 | Lair:3   | 16314 ||| Stepping ~*~*~tactically~*~*~ (stealth).
 16323 | Lair:3   | Reached skill level 13 in Fighting
 16331 | Lair:3   | Reached skill level 3 in Throwing
 16614 | Lair:3   | 16614 ||| READING 3 scrolls of enchant weapon.
 16614 | Lair:3   | 16614 ||| ENCHANTING +0 war axe of venom.
 16615 | Lair:3   | 16615 ||| READING 2 scrolls of enchant weapon.
 16615 | Lair:3   | 16615 ||| ENCHANTING +1 war axe of venom.
 16616 | Lair:3   | 16616 ||| READING scroll of enchant weapon.
 16616 | Lair:3   | 16616 ||| ENCHANTING +2 war axe of venom.
 16625 | Lair:3   | 16625 ||| Stepping ~*~*~tactically~*~*~ (stealth).
 16627 | Lair:3   | 16627 ||| INVOKING Berserk.
 16630 | Lair:3   | Reached skill level 6 in Dodging
 16764 | Lair:3   | 16764 ||| INVOKING Berserk.
 16831 | Lair:3   | 16831 ||| Stepping ~*~*~tactically~*~*~ (stealth).
 16833 | Lair:3   | 16833 ||| Stepping ~*~*~tactically~*~*~ (stealth).
 16888 | Lair:3   | Noticed a seven-headed hydra
 16891 | Lair:3   | 16891 ||| SWAPPING to +0 morningstar.
 16892 | Lair:3   | 16892 ||| INVOKING Berserk.
 16895 | Lair:3   | Killed a seven-headed hydra
 16896 | Lair:3   | Reached skill level 9 in Shields
 16920 | Lair:3   | 16920 ||| SWAPPING to +3 war axe of venom.
 17338 | Lair:3   | 17338 ||| READING scroll of brand weapon.
 17338 | Lair:3   | 17338 ||| BRANDING +3 war axe of venom.
 17455 | Lair:3   | Found a hole to the Spider Nest.
 17462 | Lair:3   | 17462 ||| INVOKING Berserk.
 17694 | Lair:3   | 17694 ||| UPGRADING to ring of protection from fire.
 17696 | Lair:3   | 17696 ||| DRINKING 2 grey potions.
 17697 | Lair:3   | 17697 ||| READING 4 scrolls of identify.
 17697 | Lair:3   | 17697 ||| IDENTIFYING black potion
 17698 | Lair:3   | 17698 ||| DROPPING potion of brilliance.
 17714 | Lair:4   | Reached XP level 13. HP: 55/122 MP: 12/12
 17714 | Lair:4   | 17714 ||| INVOKING Berserk.
 18116 | Lair:4   | 18116 ||| INVOKING Brothers in Arms.
 18117 | Lair:4   | 18117 ||| INVOKING Brothers in Arms.
 18118 | Lair:4   | 18118 ||| INVOKING Brothers in Arms.
 18119 | Lair:4   | 18119 ||| INVOKING Brothers in Arms.
 18120 | Lair:4   | 18120 ||| INVOKING Brothers in Arms.
 18121 | Lair:4   | 18121 ||| SWAPPING to +0 morningstar.
 18122 | Lair:4   | 18122 ||| INVOKING Berserk.
 18203 | Lair:4   | 18203 ||| SWAPPING to +3 war axe of draining.
 18267 | Lair:4   | Found a staircase to the Slime Pits.
 18267 | Lair:4   | Found a viscous altar of Jiyva.
 18272 | Lair:4   | 18272 ||| SWAPPING to +0 morningstar.
 18273 | Lair:4   | 18273 ||| INVOKING Berserk.
 18305 | Lair:4   | 18305 ||| SWAPPING to +3 war axe of draining.
 18453 | Lair:4   | 18453 ||| READING scroll of enchant weapon.
 18453 | Lair:4   | 18453 ||| ENCHANTING +3 war axe of draining.
 18469 | Lair:4   | 18469 ||| DROPPING +3 flail.
 18473 | Lair:4   | 18473 ||| INVOKING Berserk.
 18482 | Lair:4   | Reached skill level 14 in Fighting
 18517 | Lair:4   | 18517 ||| FLEEEEING.
 19246 | Lair:4   | 19246 ||| SWAPPING to +0 morningstar.
 19248 | Lair:4   | 19248 ||| INVOKING Berserk.
 19318 | Lair:4   | 19318 ||| SWAPPING to +4 war axe of draining.
 19350 | Lair:5   | Entered Level 5 of the Lair of Beasts
 19351 | Lair:5   | 19351 ||| STAIRDANCE
 19353 | Lair:4   | 19353 ||| INVOKING Berserk.
 19462 | Lair:5   | 19462 ||| STAIRDANCE
 19465 | Lair:4   | 19465 ||| INVOKING Berserk.
 19467 | Lair:4   | HP: 39/187 [black mamba (8)]
 19472 | Lair:4   | HP: 19/187 [poisoned by a black mamba]
 19474 | Lair:4   | HP: 8/125 [poisoned by a black mamba]
 19475 | Lair:4   | 19475 ||| DRINKING 4 potions of curing.
 19475 | Lair:4   | 19475 ||| (to cure poison)
 19828 | Lair:5   | 19828 ||| STAIRDANCE
 19829 | Lair:5   | 19829 ||| INVOKING Berserk.
 19836 | Lair:5   | Reached skill level 15 in Fighting
 20012 | Lair:5   | 20012 ||| Stepping ~*~*~tactically~*~*~ (stealth).
 20014 | Lair:5   | 20014 ||| Stepping ~*~*~tactically~*~*~ (stealth).
 20072 | Lair:5   | 20072 ||| Stepping ~*~*~tactically~*~*~ (stealth).
 20073 | Lair:5   | 20073 ||| Stepping ~*~*~tactically~*~*~ (stealth).
 20077 | Lair:5   | 20077 ||| Stepping ~*~*~tactically~*~*~ (stealth).
 20082 | Lair:5   | 20082 ||| INVOKING Berserk.
 20232 | Lair:5   | 20232 ||| FLEEEEING.
 20233 | Lair:5   | 20233 ||| INVOKING Brothers in Arms.
 20234 | Lair:5   | 20234 ||| INVOKING Brothers in Arms.
 20235 | Lair:5   | 20235 ||| INVOKING Brothers in Arms.
 20236 | Lair:5   | 20236 ||| INVOKING Brothers in Arms.
 20237 | Lair:5   | 20237 ||| SWAPPING to +0 morningstar.
 20238 | Lair:5   | 20238 ||| INVOKING Berserk.
 20320 | Lair:5   | 20320 ||| Stepping ~*~*~tactically~*~*~ (stealth).
 20321 | Lair:5   | 20321 ||| SWAPPING to +4 war axe of draining.
 20479 | Lair:5   | 20479 ||| FLEEEEING.
 20481 | Lair:5   | 20481 ||| FLEEEEING.
 20483 | Lair:5   | 20483 ||| FLEEEEING.
 20698 | Lair:5   | 20698 ||| INVOKING Berserk.
 20822 | Lair:5   | 20822 ||| INVOKING Berserk.
 20966 | Lair:5   | 20966 ||| INVOKING Berserk.
 21076 | Lair:5   | 21076 ||| Stepping ~*~*~tactically~*~*~ (stealth).
 21078 | Lair:5   | 21078 ||| INVOKING Berserk.
 21304 | Lair:5   | 21304 ||| INVOKING Berserk.
 21415 | Lair:5   | 21415 ||| Stepping ~*~*~tactically~*~*~ (stealth).
 21418 | Lair:5   | 21418 ||| INVOKING Berserk.
 21457 | Lair:5   | 21457 ||| Stepping ~*~*~tactically~*~*~ (stealth).
 21486 | Lair:5   | 21486 ||| Stepping ~*~*~tactically~*~*~ (stealth).
 21494 | Lair:5   | 21494 ||| Stepping ~*~*~tactically~*~*~ (stealth).
 21495 | Lair:5   | 21495 ||| INVOKING Berserk.
 21702 | Lair:5   | 21702 ||| INVOKING Berserk.
 21948 | Lair:5   | 21948 ||| INVOKING Berserk.
 21952 | Lair:5   | Reached skill level 16 in Fighting
 22003 | Lair:5   | 22003 ||| INVOKING Berserk.
 22010 | Lair:5   | Reached XP level 14. HP: 137/137 MP: 13/13
 22309 | Lair:5   | 22309 ||| Stepping ~*~*~tactically~*~*~ (hiding).
 22310 | Lair:5   | 22310 ||| Stepping ~*~*~tactically~*~*~ (hiding).
 22338 | Lair:5   | 22338 ||| INVOKING Berserk.
 22351 | Lair:5   | 22351 ||| FLEEEEING.
 22718 | Lair:5   | 22718 ||| Stepping ~*~*~tactically~*~*~ (hiding).
 22720 | Lair:5   | 22720 ||| INVOKING Brothers in Arms.
 22721 | Lair:5   | 22721 ||| INVOKING Brothers in Arms.
 22722 | Lair:5   | 22722 ||| INVOKING Brothers in Arms.
 22725 | Lair:5   | Reached skill level 15 in Armour
 22725 | Lair:5   | 22725 ||| INVOKING Brothers in Arms.
 22726 | Lair:5   | 22726 ||| INVOKING Brothers in Arms.
 22729 | Lair:5   | 22729 ||| INVOKING Brothers in Arms.
 22730 | Lair:5   | 22730 ||| INVOKING Brothers in Arms.
 22731 | Lair:5   | 22731 ||| INVOKING Brothers in Arms.
 22732 | Lair:5   | 22732 ||| INVOKING Brothers in Arms.
 22733 | Lair:5   | 22733 ||| SWAPPING to +0 morningstar.
 22734 | Lair:5   | 22734 ||| INVOKING Berserk.
 23037 | Lair:5   | 23037 ||| SWAPPING to +4 war axe of draining.
 23052 | Lair:5   | Found a large runed translucent door.
 23053 | Lair:5   | Found a large runed translucent door.
 23581 | Lair:5   | 23581 ||| PLANNING D:1-11
 23880 | D:11     | 23880 ||| INVOKING Berserk.
 23943 | D:11     | 23943 ||| Stepping ~*~*~tactically~*~*~ (hiding).
 23947 | D:11     | 23947 ||| INVOKING Berserk.
 24082 | D:11     | 24082 ||| INVOKING Berserk.
 24180 | D:11     | 24180 ||| Stepping ~*~*~tactically~*~*~ (hiding).
 24207 | D:11     | 24207 ||| DROPPING +1 vorpal flail.
 24223 | D:11     | Noticed Josephine
 24232 | D:11     | Killed Josephine
 24233 | D:11     | Reached skill level 17 in Fighting
 24297 | D:11     | Found a white marble altar of Elyvilon.
 24619 | D:12     | 24619 ||| PLANNING D
 24697 | D:12     | 24697 ||| Stepping ~*~*~tactically~*~*~ (stealth).
 24771 | D:12     | 24771 ||| DRINKING potion of experience.
 24771 | D:12     | Reached XP level 15. HP: 147/147 MP: 14/14
 24982 | D:12     | 24982 ||| FLEEEEING.
 24983 | D:12     | 24983 ||| FLEEEEING.
 24984 | D:12     | 24984 ||| FLEEEEING.
 24985 | D:12     | 24985 ||| FLEEEEING.
 24986 | D:12     | 24986 ||| FLEEEEING.
 24987 | D:12     | 24987 ||| FLEEEEING.
 25349 | D:12     | 25349 ||| Stepping ~*~*~tactically~*~*~ (stealth).
 25394 | D:12     | 25394 ||| Stepping ~*~*~tactically~*~*~ (stealth).
 25499 | D:12     | 25499 ||| Stepping ~*~*~tactically~*~*~ (hiding).
 25674 | D:12     | 25674 ||| DROPPING scarf of shadows.
 25675 | D:12     | 25675 ||| DROPPING orb of light.
 25716 | D:13     | 25716 ||| Stepping ~*~*~tactically~*~*~ (hiding).
 25753 | D:13     | 25753 ||| Stepping ~*~*~tactically~*~*~ (stealth).
 25755 | D:13     | 25755 ||| Stepping ~*~*~tactically~*~*~ (hiding).
 25935 | D:13     | 25935 ||| INVOKING Berserk.
 26222 | D:13     | 26222 ||| Stepping ~*~*~tactically~*~*~ (hiding).
 26233 | D:13     | 26233 ||| Stepping ~*~*~tactically~*~*~ (hiding).
 26351 | D:13     | 26351 ||| INVOKING Berserk.
 26631 | D:13     | 26631 ||| INVOKING Trog's Hand.
 26669 | D:13     | 26669 ||| INVOKING Trog's Hand.
 26671 | D:13     | Found a gate to the Vaults.
 26675 | D:13     | Reached skill level 18 in Fighting
 26847 | D:13     | 26847 ||| UPGRADING to +2 kite shield.
 26857 | D:13     | 26857 ||| DROPPING +0 buckler.
 26858 | D:13     | 26858 ||| UPGRADING to +6 ring of strength.
 26860 | D:13     | 26860 ||| DROPPING ring of willpower.
 27159 | D:14     | 27159 ||| SWAPPING to +0 morningstar.
 27160 | D:14     | 27160 ||| INVOKING Berserk.
 27205 | D:14     | 27205 ||| SWAPPING to +4 war axe of draining.
 27485 | D:14     | Found a large runed translucent door.
 27485 | D:14     | Found a large runed translucent door.
 27881 | D:14     | 27881 ||| UPGRADING to +1 pair of boots.
 27891 | D:14     | 27891 ||| DROPPING +0 pair of boots.
 27892 | D:14     | 27892 ||| DROPPING +6 ring of intelligence.
 27893 | D:14     | 27893 ||| READING scroll labelled KIRCHOPTISS.
 27901 | D:15     | Entered Level 15 of the Dungeon
 27910 | D:15     | 27910 ||| Stepping ~*~*~tactically~*~*~ (hiding).
 27957 | D:15     | Noticed Rupert
 27958 | D:15     | 27958 ||| INVOKING Trog's Hand.
 27962 | D:15     | 27962 ||| INVOKING Berserk.
 27969 | D:15     | Killed Rupert
 27970 | D:15     | Reached skill level 12 in Shields
 28108 | D:15     | 28108 ||| INVOKING Trog's Hand.
 28109 | D:15     | 28109 ||| INVOKING Berserk.
 28302 | D:15     | 28302 ||| Stepping ~*~*~tactically~*~*~ (hiding).
 28313 | D:15     | 28313 ||| DRINKING 6 potions of cancellation.
 28315 | D:15     | 28315 ||| DRINKING 5 potions of cancellation.
 28319 | D:15     | 28319 ||| DRINKING 4 potions of cancellation.
 28320 | D:15     | Reached XP level 16. HP: 157/157 MP: 15/15
 28337 | D:15     | 28337 ||| Stepping ~*~*~tactically~*~*~ (hiding).
 28383 | D:15     | Noticed Roxanne
 28388 | D:15     | 28388 ||| INVOKING Berserk.
 28400 | D:15     | Killed Roxanne
 28580 | D:15     | 28580 ||| Stepping ~*~*~tactically~*~*~ (hiding).
 28695 | D:15     | 28695 ||| INVOKING Berserk.
 28710 | D:15     | 28710 ||| FLEEEEING.
 28711 | D:15     | 28711 ||| FLEEEEING.
 28904 | D:15     | Found a portal to a secret trove of treasure.
 29003 | D:15     | 29003 ||| INVOKING Berserk.
 29059 | D:15     | Found a staircase to the Depths.
 29352 | D:15     | 29352 ||| PLANNING ORC
 29352 | D:15     | 29352 ||| DROPPING ring of resist corrosion.
 29418 | Orc:1    | Entered Level 1 of the Orcish Mines
 29432 | Orc:1    | 29432 ||| Stepping ~*~*~tactically~*~*~ (stealth).
 29438 | Orc:1    | 29438 ||| INVOKING Trog's Hand.
 29443 | Orc:1    | 29443 ||| INVOKING Berserk.
 29543 | Orc:1    | 29543 ||| Stepping ~*~*~tactically~*~*~ (hiding).
 29567 | Orc:1    | 29567 ||| INVOKING Berserk.
 29700 | Orc:1    | 29700 ||| SWAPPING to +0 broad axe.
 29701 | Orc:1    | 29701 ||| DROPPING +4 war axe of draining.
 29777 | Orc:1    | 29777 ||| Stepping ~*~*~tactically~*~*~ (stealth).
 29779 | Orc:1    | 29779 ||| Stepping ~*~*~tactically~*~*~ (hiding).
 29780 | Orc:1    | 29780 ||| Stepping ~*~*~tactically~*~*~ (hiding).
 29784 | Orc:1    | 29784 ||| INVOKING Berserk.
 29811 | Orc:1    | 29811 ||| Stepping ~*~*~tactically~*~*~ (stealth).
 29924 | Orc:1    | 29924 ||| Stepping ~*~*~tactically~*~*~ (hiding).
 29934 | Orc:1    | 29934 ||| Stepping ~*~*~tactically~*~*~ (hiding).
 29935 | Orc:1    | 29935 ||| Stepping ~*~*~tactically~*~*~ (hiding).
 29939 | Orc:1    | 29939 ||| Stepping ~*~*~tactically~*~*~ (hiding).
 29974 | Orc:1    | 29974 ||| Stepping ~*~*~tactically~*~*~ (stealth).
 29978 | Orc:1    | 29978 ||| Stepping ~*~*~tactically~*~*~ (stealth).
 29983 | Orc:1    | Reached ***** piety under Trog
 29986 | Orc:1    | 29986 ||| Stepping ~*~*~tactically~*~*~ (hiding).
 30145 | Orc:2    | Entered Level 2 of the Orcish Mines
 30145 | Orc:2    | Found a staircase to the Elven Halls.
 30182 | Orc:2    | 30182 ||| INVOKING Trog's Hand.
 30185 | Orc:2    | 30185 ||| INVOKING Berserk.
 30372 | Orc:2    | 30372 ||| INVOKING Trog's Hand.
 30375 | Orc:2    | 30375 ||| INVOKING Berserk.
 30395 | Orc:2    | 30395 ||| INVOKING Brothers in Arms.
 30587 | Orc:2    | 30587 ||| Stepping ~*~*~tactically~*~*~ (hiding).
 30617 | Orc:2    | 30617 ||| Stepping ~*~*~tactically~*~*~ (stealth).
 30619 | Orc:2    | 30619 ||| INVOKING Trog's Hand.
 30622 | Orc:2    | 30622 ||| INVOKING Berserk.
 30645 | Orc:2    | 30645 ||| INVOKING Trog's Hand.
 30658 | Orc:2    | 30658 ||| FLEEEEING.
 30659 | Orc:2    | 30659 ||| FLEEEEING.
 30660 | Orc:2    | 30660 ||| FLEEEEING.
 30661 | Orc:2    | 30661 ||| FLEEEEING.
 30662 | Orc:2    | 30662 ||| FLEEEEING.
 30663 | Orc:2    | 30663 ||| FLEEEEING.
 30664 | Orc:2    | 30664 ||| FLEEEEING.
 30676 | Orc:2    | 30676 ||| Stepping ~*~*~tactically~*~*~ (stealth).
 30684 | Orc:2    | Found an ancient bone altar of Kikubaaqudgha.
 30688 | Orc:2    | Found Onniug's Magic Scroll Shoppe.
 30696 | Orc:2    | 30696 ||| INVOKING Trog's Hand.
 30699 | Orc:2    | 30699 ||| INVOKING Berserk.
 30810 | Orc:2    | 30810 ||| BUYING scroll of enchant armour (120 gold).
 30810 | Orc:2    | Bought a scroll of enchant armour for 120 gold pieces
 30810 | Orc:2    | 30810 ||| BUYING scroll of enchant weapon (120 gold).
 30810 | Orc:2    | Bought a scroll of enchant weapon for 120 gold pieces
 30810 | Orc:2    | 30810 ||| READING scroll of enchant armour.
 30810 | Orc:2    | 30810 ||| ENCHANTING +0 pair of gloves.
 30811 | Orc:2    | 30811 ||| READING scroll of enchant weapon.
 30811 | Orc:2    | 30811 ||| ENCHANTING +0 broad axe.
 30814 | Orc:2    | Found a radiant altar of Vehumet.
 30817 | Orc:2    | 30817 ||| INVOKING Trog's Hand.
 30820 | Orc:2    | 30820 ||| INVOKING Berserk.
 30991 | Orc:2    | 30991 ||| DRINKING 8 potions of curing.
 30991 | Orc:2    | 30991 ||| (to cure confusion)
 30991 | Orc:2    | Paralysed by an ogre mage for 4 turns
 30995 | Orc:2    | 30995 ||| INVOKING Trog's Hand.
 30996 | Orc:2    | 30996 ||| INVOKING Berserk.
 31003 | Orc:2    | Found Inym's Antique Weapon Shoppe.
 31014 | Orc:2    | Paralysed by an orc sorcerer for 4 turns
 31018 | Orc:2    | 31018 ||| INVOKING Trog's Hand.
 31037 | Orc:2    | 31037 ||| INVOKING Trog's Hand.
 31040 | Orc:2    | 31040 ||| FLEEEEING.
 31041 | Orc:2    | 31041 ||| FLEEEEING.
 31049 | Orc:2    | 31049 ||| FLEEEEING.
 31050 | Orc:2    | 31050 ||| FLEEEEING.
 31051 | Orc:2    | 31051 ||| FLEEEEING.
 31052 | Orc:2    | 31052 ||| FLEEEEING.
 31053 | Orc:2    | 31053 ||| FLEEEEING.
 31056 | Orc:2    | 31056 ||| FLEEEEING.
 31057 | Orc:2    | 31057 ||| FLEEEEING.
 31058 | Orc:2    | 31058 ||| FLEEEEING.
 31059 | Orc:2    | 31059 ||| FLEEEEING.
 31060 | Orc:2    | 31060 ||| FLEEEEING.
 31063 | Orc:2    | 31063 ||| FLEEEEING.
 31064 | Orc:2    | 31064 ||| FLEEEEING.
 31120 | Orc:2    | 31120 ||| FLEEEEING.
 31121 | Orc:2    | 31121 ||| FLEEEEING.
 31204 | Orc:2    | Found Goradd's Book Emporium.
 31205 | Orc:2    | 31205 ||| INVOKING Trog's Hand.
 31214 | Orc:2    | Gained mutation: You occasionally lose the ability to read
                  | scrolls when taking damage. [a neqoxec]
 31216 | Orc:2    | 31216 ||| INVOKING Berserk.
 31226 | Orc:2    | 31226 ||| DRINKING potion of mutation.
 31226 | Orc:2    | Lost mutation: You have a somewhat thin skeletal structure.
                  | (Dex +2, Stealth+) [potion of mutation]
 31226 | Orc:2    | Lost mutation: Your spells are a little harder to cast, but
                  | a little more powerful. [potion of mutation]
 31226 | Orc:2    | Lost mutation: You occasionally lose the ability to read
                  | scrolls when taking damage. [potion of mutation]
 31226 | Orc:2    | Gained mutation: You are covered in fur. (AC +1) [potion of
                  | mutation]
 31229 | Orc:2    | 31229 ||| INVOKING Trog's Hand.
 31340 | Orc:2    | Found Xapoupig's Distillery.
 31345 | Orc:2    | 31345 ||| BUYING fine war axe (229 gold).
 31345 | Orc:2    | Bought a fine war axe for 229 gold pieces
 31345 | Orc:2    | Identified the +8 war axe of the Evil Eye {vorpal, rElec}
                  | (You bought it in a shop on level 2 of the Orcish Mines)
 31345 | Orc:2    | 31345 ||| DROPPING +8 war axe of the Evil Eye {vorpal,
                  | rElec}.
 31355 | Orc:2    | 31355 ||| BUYING potion of curing (45 gold).
 31355 | Orc:2    | Bought a potion of curing for 45 gold pieces
 31355 | Orc:2    | 31355 ||| BUYING potion of curing (45 gold).
 31355 | Orc:2    | Bought a potion of curing for 45 gold pieces
 31355 | Orc:2    | 31355 ||| BUYING potion of curing (45 gold).
 31355 | Orc:2    | Bought a potion of curing for 45 gold pieces
 31355 | Orc:2    | 31355 ||| BUYING potion of heal wounds (75 gold).
 31355 | Orc:2    | Bought a potion of heal wounds for 75 gold pieces
 31355 | Orc:2    | 31355 ||| BUYING potion of heal wounds (75 gold).
 31355 | Orc:2    | Bought a potion of heal wounds for 75 gold pieces
 31355 | Orc:2    | 31355 ||| BUYING potion of heal wounds (75 gold).
 31355 | Orc:2    | Bought a potion of heal wounds for 75 gold pieces
 31355 | Orc:2    | 31355 ||| BUYING potion of mutation (120 gold).
 31355 | Orc:2    | Bought a potion of mutation for 120 gold pieces
 32008 | Orc:1    | 32008 ||| Stepping ~*~*~tactically~*~*~ (hiding).
 32010 | Orc:1    | 32010 ||| Stepping ~*~*~tactically~*~*~ (stealth).
 32012 | Orc:1    | 32012 ||| Stepping ~*~*~tactically~*~*~ (stealth).
 32024 | Orc:1    | 32024 ||| Stepping ~*~*~tactically~*~*~ (hiding).
 32184 | Orc:1    | 32184 ||| PLANNING SPIDER:1-3
 32402 | Spider:1 | Entered Level 1 of the Spider Nest
 32417 | Spider:1 | 32417 ||| Stepping ~*~*~tactically~*~*~ (hiding).
 32437 | Spider:1 | 32437 ||| INVOKING Berserk.
 32442 | Spider:1 | HP: 34/235 [wolf spider (29)]
 32445 | Spider:1 | HP: 6/235 [wolf spider (20)]
 32446 | Spider:1 | Slain by a wolf spider

Levels and vault maps discovered:
D:1:      giann_wishing_wells, layout_basic
D:2:      layout_loops_ring, chequers_ecumenical_altar_simple_redux,
          basic_altar, minmay_tree_intersection, uniq_robin, uniq_jessica
D:3:      layout_loops_ring, nicolae_vehumet_radiance
D:4:      nicolae_cairo_tiling_large_dashed, layout_loops_corners,
          lemuel_crystal_altar, lemuel_coloured_pillars_altar,
          ebering_ghost_rock_garden
D:5:      layout_rooms, grunt_ministairs_8
D:6:      layout_loops_ring, lemuel_tele_altar, eat_drink_and_be_merry_uskayaw,
          dreamdust_princess_corridor, hangedman_glass_teeth,
          nicolae_stop_n_shop_2
D:7:      layout_cave_pools, ebering_ghost_reflecting_pool
D:8:      layout_basic, serial_shops, shop, kennysheep_generic_room_11,
          uniq_pikel
D:9:      layout_long_grid, mainiacjoe_overflow_paths,
          nicolae_tso_carved_into_rock, mainiacjoe_overflow_boulevard,
          serial_shops, kennysheep_mini, shop, shop, minivault_10
D:10:     layout_loops_ring, nicolae_overflow_hidden_temple, david_lair_shrubbed
D:11:     layout_irregular_city, david_orc_2, hangedman_decor_points,
          elyvilon_altar_1, uniq_josephine
D:12:     layout_loops_ring
D:13:     kennysheep_funnel, layout_rooms, grunt_vaults_entry_tiered,
          roderic_nine_men_s_morris
D:14:     layout_loops_ring, glass_columns_c, lightli_elemental_guards
D:15:     gammafunk_depths_entry_grave, layout_irregular_city, enter_trove_6,
          columned_hall_lemuel, uniq_roxanne, uniq_rupert
Lair:1:   layout_loops_ring
Lair:2:   layout_regular_city, gauntlet_entry_generic
Lair:3:   layout_gridlike, minmay_swamp_entry_reptiles, dummy_spider_entry,
          beast_lair_carwin_11, uniq_gastronok
Lair:4:   layout_cellular_growth, slime_entry_1, chequers_serial_rivers_small_b,
          evilmike_ambush [evilmike_ambush_outer_basic,
          evilmike_ambush_inner_wall_2], grunt_megastairs_4
Lair:5:   cheibrodos_lair_end_hotspot, layout_regular_city,
          kilobyte_rumbling_trees
Spider:1: layout_spider_delve, special_room [special_room_bee],
          guppyfry_hornet_nest
Orc:1:    layout_caves, basic_altar, mines_bat_river
Orc:2:    kennysheep_orc_mage_school, layout_diamond_mine

Skill      XL: |  1  2  3  4  5  6  7  8  9 10 11 12 13 14 15 16 |
---------------+-------------------------------------------------+-----
Axes           | 4 5 6 7 8 10 11 13 15 16 17 | 17.3
Shields        | 2 3 4 5 7 9 10 13 14 | 14.6
Fighting       | 4 5 6 7 9 11 13 16 17 18 | 18.0
Armour         | 3 5 6 7 10 12 14 16 | 16.8
Throwing       | 1 2 3 |  3.5
Dodging        | 4 6 7 8 |  8.0

Action                   |  1- 3 |  4- 6 |  7- 9 | 10-12 | 13-15 | 16-18 || total
-------------------------+-------+-------+-------+-------+-------+-------++-------
Melee: Hand axe          |    67 |   110 |   213 |       |       |       ||   390
       Headbutt          |     8 |    18 |    35 |    96 |   167 |    80 ||   404
       War axe           |       |       |    14 |   427 |   582 |   105 ||  1128
       Morningstar       |       |       |       |     8 |    23 |       ||    31
       Broad axe         |       |       |       |       |       |   191 ||   191
Throw: Boomerang         |       |       |    26 |    90 |       |    10 ||   126
Invok: Berserk           |     3 |     2 |     9 |    22 |    30 |    14 ||    80
       Brothers in Arms  |       |       |       |     1 |     3 |     1 ||     5
       Trog's Hand       |       |       |       |       |     4 |    12 ||    16
  Use: Scroll            |     3 |     7 |    11 |    12 |     2 |     2 ||    37
       Potion            |     1 |     2 |     4 |     2 |     5 |     2 ||    16
Armor: Animal skin       |    11 |     1 |       |       |       |       ||    12
       Ring mail         |       |    24 |       |       |       |       ||    24
       Chain mail        |       |       |    79 |    54 |       |       ||   133
       Plate armour      |       |       |       |   135 |   270 |    94 ||   499
Dodge: Dodged            |    34 |    47 |    76 |   140 |   193 |    63 ||   553
Block: Buckler           |     4 |    22 |    49 |    88 |   118 |       ||   281
       Kite shield       |       |       |       |       |    47 |   147 ||   194

Table legend:
 A = Non-vault XP
 B = Vault XP
 C = Vault XP percentage of total XP
 D = Non-vault monster count
 E = Vault monster count
 F = Vault count percentage of total count
                 A         B        C        D         E       F
            +---------+---------+-------+---------+---------+-------
      Total |   92965 |   41922 |  31.1 |     435 |     155 |  26.3
            +---------+---------+-------+---------+---------+-------
        D:1 |      22 |       0 |   0.0 |      14 |       0 |   0.0
        D:2 |      42 |      73 |  63.5 |      15 |      14 |  48.3
        D:3 |      65 |       0 |   0.0 |      18 |       0 |   0.0
        D:4 |     540 |       0 |   0.0 |      25 |       0 |   0.0
        D:5 |     547 |     138 |  20.1 |      22 |       2 |   8.3
        D:6 |     438 |       0 |   0.0 |      13 |       0 |   0.0
        D:7 |     800 |       0 |   0.0 |      17 |       0 |   0.0
        D:8 |    1820 |     619 |  25.4 |      15 |       2 |  11.8
        D:9 |    1838 |       0 |   0.0 |      14 |       0 |   0.0
       D:10 |    2991 |     361 |  10.8 |      17 |       1 |   5.6
       D:11 |    6833 |    2247 |  24.7 |      13 |      12 |  48.0
       D:12 |    5797 |       0 |   0.0 |      19 |       0 |   0.0
       D:13 |    5893 |    7779 |  56.9 |      14 |      26 |  65.0
       D:14 |    4715 |       0 |   0.0 |       9 |       0 |   0.0
       D:15 |    8593 |    8996 |  51.1 |      17 |      10 |  37.0
     Lair:1 |    7978 |       0 |   0.0 |      26 |       0 |   0.0
     Lair:2 |    7655 |       0 |   0.0 |      24 |       0 |   0.0
     Lair:3 |    5684 |    3194 |  36.0 |      21 |       8 |  27.6
     Lair:4 |    6569 |    2922 |  30.8 |      18 |       7 |  28.0
     Lair:5 |   15610 |    8610 |  35.5 |      40 |      35 |  46.7
   Spider:1 |    3181 |       0 |   0.0 |       9 |       0 |   0.0
      Orc:1 |    4626 |       9 |   0.2 |      51 |       5 |   8.9
      Orc:2 |     728 |    6974 |  90.5 |       4 |      33 |  89.2
            +---------+---------+-------+---------+---------+-------
